 Dungeon Crawl Stone Soup version 0.20.1-1-g8b1a95d (webtiles) character file.

137 roguezilla the Ducker (level 5, -4/52 HPs)
             Began as a Troll Fighter on Nov 18, 2017.
             Slain by Prince Ribbit (8 damage)
             ... on level 5 of the Dungeon.
             The game lasted 00:11:10 (1063 turns).

roguezilla the Ducker (Troll Fighter)               Turns: 1063, Time: 00:11:11

Health: -4/52      AC:  5    Str: 28    XL:     5   Next: 0%
Magic:  4/4        EV:  8    Int:  4    God:
Gold:   86         SH:  9    Dex:  9    Spells: 4/4 levels left

rFire    . . .     SeeInvis .   a - +0 long sword
rCold    . . .     Gourm    +   c - +0 shield
rNeg     . . .     Faith    .   b - +0 robe
rPois    .         Spirit   .   (helmet restricted)
rElec    +         Reflect  .   (no cloak)
rCorr    .         Harm     .   (gloves unavailable)
MR       .....                  (boots unavailable)
Stlth    +.........             (no amulet)
Regen    0.6/turn               e - +3 ring of strength
MPRegen  0.1/turn               (no ring)

@: starving
A: unfitting armour, claws 3, talons 1, blurry vision 1, fast metabolism 3,
gourmand, regeneration 1, shaggy fur 1, electricity resistance, tough skin 2
a: no special abilities


You were on level 5 of the Dungeon.
You were starving.

You visited 1 branch of the dungeon, and saw 5 of its levels.

You collected 86 gold pieces.

Inventory:

Hand Weapons
 a - a +0 long sword (weapon)
Armour
 b - a +0 robe (worn)
 c - a +0 shield (worn)
Jewellery
 e - a +3 ring of strength (left claw)
Scrolls
 h - a scroll of remove curse
Books
 d - a book of Misfortune

   Spells                             Type                      Level
   a - Confusing Touch                Hexes                        1
   b - Confuse                        Hexes                        3
   c - Gell's Gravitas                Translocation                3
   d - Petrify                        Transmutation/Earth          4
   e - Metabolic Englaciation         Hexes/Ice                    5
   f - Yara's Violent Unravelling     Hexes/Transmutation          5
Comestibles
 f - 2 bread rations
 g - a meat ration
 i - 2 royal jellies


   Skills:
 + Level 2.9 Fighting
 + Level 2.6 Long Blades
 + Level 3.2 Dodging
 + Level 3.1 Shields


You had 4 spell levels left.
You didn't know any spells.

Dungeon Overview and Level Annotations

Branches:
Dungeon (5/15)
 Temple: D:4-7

Altars:

Annotations:
D:5 Prince Ribbit


Innate Abilities, Weirdness & Mutations

You are too large for most types of armour.
You have claws for hands.
Your metabolism is lightning-fast.
You like to eat raw meat.
Your natural rate of healing is unusually fast.
You are covered in fur. (AC +1)
You have very tough skin. (AC +2)
You have sharp toenails.
Scrolls take you a little longer to read.
You are resistant to electric shocks. (rElec)


Message History

Prince Ribbit is severely wounded.
Prince Ribbit blinks!
Prince Ribbit mumbles some strange words.
Prince Ribbit looks slightly unstable.
None of your equipped items are cursed.
Prince Ribbit blinks!
Prince Ribbit disappears!
Found a stone staircase leading down.
You are starving!
Prince Ribbit blinks!
Prince Ribbit hits you! x2
* * * LOW HITPOINT WARNING * * *
You miss Prince Ribbit. Your kick misses Prince Ribbit.
Prince Ribbit is severely wounded.
You block Prince Ribbit's attack.
You closely miss Prince Ribbit. Your kick misses Prince Ribbit.
Prince Ribbit is severely wounded.
Prince Ribbit catches a butterfly with his tongue.
Prince Ribbit hits you!
You die...

... ... #.. ##.# #.# #.#
###..###.#####.# .....
......#.# #..###.##..#.#
.#####..#...##..#.###
....................#
..####..............#
............###.@...#
######.####.###F....##.#
....................>#
###......###.#.####.##
##.....# #.#.# # #.###.#
#.#.# #. #.###.#.###
#.###..........
#..............


You could see Prince Ribbit.

Vanquished Creatures
  A jelly (D:5)
  2 worker ants
  3 adders (D:2)
  An ooze (D:2)
  A leopard gecko (D:5)
  2 ball pythons
  3 bats
  A goblin (D:2)
  2 hobgoblins (D:2)
  4 jackals (D:5)
  2 quokkas (D:2)
  2 frilled lizards
  4 kobolds
  3 rats
31 creatures vanquished.

Notes
Turn   | Place    | Note
-------+----------+-------------------------------------------
     0 | D:1      | roguezilla the Troll Fighter began the quest for the Orb.
     0 | D:1      | Reached XP level 1. HP: 22/22 MP: 0/0
   211 | D:2      | Reached XP level 2. HP: 16/29 MP: 1/1
   312 | D:2      | Reached XP level 3. HP: 29/36 MP: 2/2
   320 | D:2      | Found a faded altar of an unknown god.
   466 | D:2      | Learned a level 1 spell: Confusing Touch
   827 | D:4      | Reached XP level 4. HP: 44/44 MP: 3/3
   830 | D:4      | Gained mutation: You have sharp toenails. [potion of mutation]
   830 | D:4      | Gained mutation: Scrolls take you a little longer to read. [potion of mutation]
   830 | D:4      | Gained mutation: You are resistant to electric shocks. (rElec) [potion of mutation]
   882 | D:5      | Entered Level 5 of the Dungeon
  1004 | D:5      | Reached XP level 5. HP: 52/52 MP: 4/4
  1011 | D:5      | Noticed Prince Ribbit
  1063 | D:5      | Slain by Prince Ribbit

Skill      XL: |  1  2  3  4 |
---------------+-------------+-----
Long Blades    | 2 |  2.6
Shields        | 3 |  3.1
Dodging        | 3 |  3.2
Fighting       | |  2.9

Action                   |  1- 3 |  4- 6 || total
-------------------------+-------+-------++-------
Melee: Long sword        |   104 |    38 ||   142
       Kick              |       |     8 ||     8
  Use: Potion            |     2 |     3 ||     5
       Scroll            |     3 |     2 ||     5
 Stab: Sleeping          |       |     1 ||     1
  Eat: Bread ration      |     1 |       ||     1
       Chunk             |       |     1 ||     1
Armor: Robe              |    53 |    11 ||    64
Dodge: Dodged            |    50 |    10 ||    60
Block: Shield            |    61 |    21 ||    82
       Rpst.: Long sword |     8 |     3 ||    11
